AoeStats
← liketin1121

Arabia

510899241Analyzed
1v1 RM · 13h ago on Oct 3, 2026· 53m 25s· 2 players
Game mode
Random Map
Map size
Tiny (2 player)
Population
200
Speed
Normal
Resources
Standard
Victory
Conquest
Starting age
Dark Age
Ending age
Imperial Age
RankedLock teamsTeams togetherTeam positionsShared explorationLock speedFull tech treeHidden civsTurbo modeCheats
Victory
Defeat
🇹🇼 Japanese · Taiwan
1101
+17
🇦🇷 Poles · Argentina
1125
-17
liketin1121
7:29 Loom
9:52 Feudal Age
10:56 Man-at-Arms
22:09 Castle Age
20:56 Double-Bit Axe
22:22 Scale Mail Armor
22:34 Long Swordsman
23:42 Gambesons
28:23 Pikeman
35:50 Imperial Age
35:43 Gold Mining
37:17 Chain Mail Armor
40:22 Two-Handed Swordsman
44:53 Plate Mail Armor
47:11 Forging
48:36 Elite Samurai
52:20 Iron Casting
Talar Madeira
8:07 Loom
10:10 Feudal Age
12:14 Double-Bit Axe
12:47 Fletching
22:47 Castle Age
22:53 Bloodlines
23:41 Bodkin Arrow
23:12 Elite Skirmisher
28:25 Crossbowman
35:17 Padded Archer Armor
35:14 Horse Collar
36:09 Forging
45:21 Imperial Age
43:24 Heavy Plow
43:55 Thumb Ring
44:43 Leather Archer Armor
45:45 Arbalester
48:02 Szlachta Privileges
49:48 Chemistry
49:57 Bracer
50:41 Scale Barding Armor
51:31 Iron Casting
Connection lost

Rejoining the realm…

Still unreachable

The connection could not be restored.

Session expired

The server has moved on; the page needs a fresh start.